 Dungeon Crawl Stone Soup version 0.30-a0-1053-gbd8d5ba0ad (webtiles) character file.

Game seed: 42179940606329559

1288 BlueFish the Sneak (level 8, 0/54 HPs)
             Began as an Octopode Fighter on Apr 11, 2023.
             Slain by Maggie
             ... wielding a +0 war axe
              (12 damage)
             ... on level 6 of the Dungeon on Apr 12, 2023.
             The game lasted 00:15:57 (5842 turns).

BlueFish the Sneak (Octopode Fighter)               Turns: 5842, Time: 00:15:58

Health: 0/54       AC:  0    Str: 17    XL:     8   Next: 55%
Magic:  11/11      EV: 15    Int: 10    God:
Gold:   176        SH:  5    Dex: 12    Spells: 1/11 levels left

rFire   . . .      SeeInvis .    a - melded +1 mace (venom)
rCold   . . .      Faith    .    n - melded +0 buckler
rNeg    . . .      Spirit   .    (helmet currently unavailable)
rPois   .          Reflect  +    s - amulet of reflection
rElec   .          Rampage  .    h - melded ring of see invisible
rCorr   .                        C - melded ring of poison resistance
Will    .....                    (ring currently unavailable)
Stlth   +++                      (ring currently unavailable)
HPRegen 0.29/turn                (ring currently unavailable)
MPRegen 0.12/turn                (ring currently unavailable)
                                 (ring currently unavailable)
                                 (ring currently unavailable)

@: pig-form, very quick
A: fast, no casting, almost no armour, (amphibious), (8 rings), small,
(camouflage 1), (gelatinous body 1), (nimble swimmer 1), (tentacles)
a: no special abilities


You were on level 6 of the Dungeon.
You were a filthy swine.
You visited 2 branches of the dungeon, and saw 7 of its levels.
You also visited: Sewer.

You collected 350 gold pieces.
You spent 174 gold pieces at shops.

Inventory:

Hand Weapons
 a - a +1 mace of venom (melded)
 b - a +0 sling
 A - a +0 flail
Missiles
 i - 42 stones (quivered)
 l - 6 boomerangs
 m - 13 poisoned darts
 B - a throwing net
Armour
 n - a +0 buckler (melded)
Jewellery
 h - a ring of see invisible (melded)
 s - an amulet of reflection (around neck)
 C - a ring of poison resistance (melded)
Scrolls
 d - a scroll of fear
 e - a scroll of fog
 f - a scroll of amnesia {unknown}
 g - a scroll of torment
 j - 2 scrolls of immolation
 r - 3 scrolls of teleportation
 u - a scroll of magic mapping {unknown}
 w - a scroll of noise {unknown}
 y - 2 scrolls of silence {unknown}
Potions
 c - 3 potions of might
 k - a potion of resistance
 o - 3 potions of brilliance
 p - 2 potions of heal wounds
 q - 5 potions of haste
 t - 2 potions of invisibility
 v - a potion of attraction
 x - 2 potions of curing
 z - a potion of ambrosia {unknown}


   Skills:
 + Level 4.2 Fighting
 + Level 3.6 Maces & Flails
 + Level 2.4 Ranged Weapons
 + Level 2.4 Throwing
 + Level 4.2 Dodging
 * Level 6.3 Stealth
 + Level 4.1 Shields
 + Level 2.3 Spellcasting
 * Level 2.4 Transmutations
 + Level 2.4 Ice Magic
 + Level 0.6 Air Magic
 + Level 1.1 Poison Magic


You had one spell level left.
You knew the following spells:

 Your Spells              Type           Power      Damage    Failure   Level
a - Ozocubu's Armour      Ice            6%         N/A       32%         3
b - Blade Hands           Tmut           3%         N/A       97%         5
c - Poisonous Vapours     Pois/Air       4%         N/A       32%         2

Your spell library contained the following spells:

 Spells                   Type           Power      Damage    Failure   Level
 Frozen Ramparts          Ice            12%        1d2       32%         3
 Cigotuvi's Dreadful Rot  Necr/Pois/Air  4%         N/A       34%         2
 Static Discharge         Conj/Air       2%         2-3/arc   36%         2
 Ignite Poison            Fire/Tmut/Pois 3%         N/A       50%         3
 Mephitic Cloud           Conj/Pois/Air  2%         N/A       56%         3
 Gell's Gravitas          Tloc           1%         N/A       65%         3
 Portal Projectile        Hex/Tloc       2%         N/A       65%         3
 Teleport Other           Tloc           1%         N/A       65%         3
 Tukima's Dance           Hex            1%         N/A       65%         3
 Ice Form                 Ice/Tmut       6%         N/A       73%         4
 Summon Ice Beast         Ice/Summ       3%         N/A       88%         4
 Airstrike                Air            1%         2d(1-17)  92%         4
 Summon Lightning Spire   Summ/Air       1%         N/A       95%         4
 Dispel Undead            Necr           1%         3d6       96%         4
 Freezing Cloud           Conj/Ice/Air   1%         6-21      99%         5
 Death Channel            Necr           0%         N/A       100%        6
 Dispersal                Tloc           0%         N/A       100%        6
 Ozocubu's Refrigeration  Ice            3%         4d8       100%        7


Dungeon Overview and Level Annotations

Branches:
Dungeon (6/15)             Temple (1/1) D:4           Sewer (visited)

Altars:
Ashenzari
Elyvilon
Fedhas
Gozag
Makhleb
Nemelex Xobeh
Qazlal
Ru
Trog
Uskayaw
Wu Jian
Xom
Yredelemnul

Shops:
D:5 (

Annotations:
D:4 1 runed translucent door, Crazy Yiuf
D:6 Dowan, Duvessa, Maggie


Innate Abilities, Weirdness & Mutations

You are a filthy swine.
You move quickly.
Your equipment is almost entirely melded.
You are incapable of wielding weapons or throwing items.
You cannot cast spells.
You cannot wear most types of armour.
((You are amphibious.))
((You can wear up to eight rings at the same time.))
((Your skin changes colour to match your surroundings (Stealth+).))
((Your rubbery body absorbs attacks. (AC +1, EV +1)))
((You are camouflaged when in or above water. (Stealth+)))
((You have tentacles for arms and can constrict up to eight enemies at once.))


Message History

Maggie is lightly wounded.
You constrict Maggie. Maggie misses you.
Maggie drinks a potion.
Maggie is healed!
Maggie looks more healthy.
You hit Maggie.
Maggie is poisoned.
Maggie is lightly wounded.
You constrict Maggie. Maggie gestures at you while chanting.
The bolt of fire hits you!!
You sock Maggie! You squeeze Maggie.
Maggie is moderately wounded.
You constrict Maggie. Maggie casts a spell at you. The bolt of fire hits you!
You hit Maggie but do no damage.
Maggie looks as sick as possible!
Maggie is heavily wounded.
You constrict Maggie.
Maggie smiles, but it's obviously fake.
Maggie mumbles some strange words.
Maggie attempts to bespell you! You resist with almost no effort.
Maggie zaps a wand.
You turn into a filthy swine.
Your +1 mace of venom melds into your body.
Your +0 buckler melds into your body.
Your ring of see invisible melds into your body.
Your ring of poison resistance melds into your body.
Your +1 mace of venom stops dripping with poison.
You lose your grip on Maggie.
You closely miss Maggie.
Maggie is severely wounded.
Maggie hits you with a +0 war axe!
* * * LOW HITPOINT WARNING * * *
You barely miss Maggie.
Maggie is severely wounded.
You hit Maggie.
Maggie is severely wounded.
Maggie gestures wildly while chanting.
Maggie attempts to bespell you! You resist with some effort.
You hit Maggie but do no damage.
Maggie is severely wounded.
Maggie hits you with a +0 war axe!
You die...

#.#............#.#.
#.#.####.......#
#.#####........#
#................#
#.#####.#######..#
#######.#.....#..#
..............# .#
#######.#.#####
#h#.# #@# # #.# #.#
#.# #.# #.# #?#


You could see Maggie (very poisoned).

Vanquished Creatures
  An ice beast (D:5)
  2 black bears (D:6)
  An ogre (D:5)
  2 bullfrogs (Sewer)
  A scorpion (D:4)
  2 howler monkeys (D:5)
  An orc priest (D:6)
  A gnoll bouda (D:4)
  2 hounds
  2 sleepcaps
  2 iguanas (D:5)
  Robin (D:3)
  11 gnolls
  11 adders
  7 river rats (Sewer)
  A shadow imp (D:6)
  A white imp (D:5)
  2 worms
  3 dart slugs
  11 orcs
  5 bats
  4 endoplasms
  5 giant cockroaches
  17 goblins
  9 hobgoblins
  2 jackals (D:2)
  A quokka (D:3)
  14 ball pythons
  4 frilled lizards
  10 kobolds
  25 rats
  A spectral hobgoblin (D:3)
162 creatures vanquished.

Notes
Turn   | Place    | Note
-------+----------+-------------------------------------------
     0 | D:1      | BlueFish the Octopode Fighter began the quest for the Orb.
     0 | D:1      | Reached XP level 1. HP: 16/16 MP: 1/1
   240 | D:1      | Reached skill level 1 in Stealth
   240 | D:1      | Reached XP level 2. HP: 21/21 MP: 2/2
   758 | D:2      | Reached XP level 3. HP: 19/26 MP: 3/3
   761 | D:2      | Reached skill level 2 in Stealth
  1016 | D:2      | Learned a level 3 spell: Ozocubu's Armour
  1153 | D:2      | Reached XP level 4. HP: 23/31 MP: 4/4
  1562 | D:3      | Found a white marble altar of Elyvilon.
  1718 | D:3      | Noticed Robin
  1760 | D:3      | Found a faded altar of an unknown god.
  1858 | D:3      | Found a glowing drain.
  1870 | Sewer    | Entered a sewer
  1899 | Sewer    | Reached skill level 3 in Stealth
  1899 | Sewer    | Reached XP level 5. HP: 30/36 MP: 6/6
  2035 | Sewer    | Reached skill level 1 in Spellcasting
  2040 | Sewer    | Reached skill level 1 in Ranged Weapons
  2040 | Sewer    | Reached skill level 1 in Throwing
  2385 | Sewer    | Reached skill level 1 in Ice Magic
  2553 | Sewer    | Reached XP level 6. HP: 42/42 MP: 7/7
  2567 | Sewer    | Reached skill level 4 in Stealth
  2721 | D:3      | Killed Robin
  3348 | D:4      | Found a staircase to the Ecumenical Temple.
  3356 | D:4      | Reached XP level 7. HP: 46/47 MP: 9/9
  3363 | Temple   | Entered the Ecumenical Temple
  3445 | D:4      | Learned a level 5 spell: Blade Hands
  3592 | D:4      | Found a runed translucent door.
  3593 | D:4      | Noticed Crazy Yiuf
  4081 | D:5      | Entered Level 5 of the Dungeon
  4117 | D:5      | Found Cusio's Antique Weapon Shoppe.
  4313 | D:5      | Reached skill level 1 in Transmutations
  4314 | D:5      | Reached skill level 5 in Stealth
  4507 | D:5      | Bought a runed mace for 174 gold pieces
  4814 | D:5      | Reached XP level 8. HP: 44/54 MP: 11/11
  4957 | D:5      | Found a sacrificial altar of Ru.
  5269 | D:5      | Learned a level 2 spell: Poisonous Vapours
  5449 | D:6      | Found a burning altar of Makhleb.
  5488 | D:6      | Reached skill level 6 in Stealth
  5530 | D:6      | Reached skill level 1 in Poison Magic
  5790 | D:6      | Noticed Duvessa
  5817 | D:6      | Noticed Dowan
  5829 | D:6      | Noticed Maggie
  5842 | D:6      | Slain by Maggie

Illustrated notes

Levels and vault maps discovered:
D:1:      matt_arrival_spirals, layout_loops_ring
D:2:      layout_loops_ring
D:3:      layout_loops_cross, mainiacjoe_overflow_alcove_1,
          dreamdust_ecumenical_altar_drowned_temple, portal_sewer_entry_a,
          uniq_robin
D:4:      layout_basic, minmay_temple_entry_crystal_x, uniq_crazy_yiuf_cottage
D:5:      layout_basic, nicolae_ru_path_of_blood, serial_shops, shop
D:6:      layout_basic, mainiacjoe_overflow_24_doors,
          eino_small_chamber_without_monster, kennysheep_cross_bottleneck,
          st_stairs_5, uniq_maggie, uniq_duvessa
Temple:   nicolae_temple_ecumenical_triangle

Skill      XL: |  1  2  3  4  5  6  7  8 |
---------------+-------------------------+-----
Stealth        | 1 2 3 4 5 6 |  6.3
Spellcasting   | 1 2 |  2.3
Ranged Weapons | 1 2 |  2.4
Throwing       | 1 2 |  2.4
Ice Magic      | 1 2 |  2.4
Maces & Flails | 3 |  3.6
Transmutations | 1 2 |  2.4
Fighting       | 4 |  4.2
Dodging        | 4 |  4.2
Shields        | 4 |  4.1
Poison Magic   | 1 |  1.1
Air Magic      | |  0.6

Action                     |  1- 3 |  4- 6 |  7- 9 || total
---------------------------+-------+-------+-------++-------
  Melee: Flail             |    55 |   148 |    38 ||   241
         Constrict         |    17 |    50 |    31 ||    98
         Tentacles         |    10 |    32 |    32 ||    74
         Punch             |     1 |     3 |     2 ||     6
         Mace              |       |       |    61 ||    61
         Unarmed           |       |       |     4 ||     4
  Throw: Stone             |       |     8 |     5 ||    13
         Dart              |       |       |     6 ||     6
    Use: Scroll            |       |    12 |     1 ||    13
         Potion            |       |     2 |       ||     2
   Stab: Sleeping          |     6 |     9 |     4 ||    19
         Distracted        |       |     2 |       ||     2
 Armour: Skin              |     1 |    12 |     2 ||    15
  Dodge: Dodged            |    26 |   109 |    34 ||   169
  Block: Buckler           |    13 |    78 |    40 ||   131
         Reflection        |       |       |     3 ||     3

Table legend: (Time is in decaauts)
 A = Elapsed time spent in this place.
 B = Non-inter-level travel time spent in this place.
 C = Inter-level travel time spent in this place.
 D = Time resting spent in this place.
 E = Time spent auto-exploring this place.
 F = Levels seen in this place.
 G = Mean time per level.
                   A        B        C        D        E       F      G
               +--------+--------+--------+--------+--------+-----+--------+
         Total |   5932 |   5755 |    177 |    153 |   4073 |   8 |  741.5 |
       Dungeon |   5038 |   4861 |    177 |    153 |   3558 |   6 |  839.7 |
        Temple |     57 |     57 |      0 |      0 |     28 |   1 |   57.0 |
         Sewer |    835 |    835 |      0 |      0 |    487 |   1 |  835.0 |
               +--------+--------+--------+--------+--------+-----+--------+

Top non-repeatable levels by time:
     D:5: 1185 daAuts
     D:4: 1056 daAuts
     D:3: 871 daAuts
   Sewer: 835 daAuts
     D:2: 748 daAuts
     D:1: 744 daAuts
     D:6: 432 daAuts
  Temple: 57 daAuts
